 Dungeon Crawl Stone Soup version 0.30-a0-1116-gebefce21f7 (webtiles) character file.

Game seed: 12476824947906189115

1701 kae the Cleaver (level 9, 0/70 HPs)
             Began as a Hill Orc Fighter on Apr 21, 2023.
             Slain by a wyvern (12 damage)
             ... on level 6 of the Dungeon.
             The game lasted 00:05:42 (5736 turns).

kae the Cleaver (Hill Orc Fighter)                  Turns: 5736, Time: 00:05:43

Health: 0/70       AC:  9    Str: 23    XL:     9   Next: 3%
Magic:  0/9        EV: 10    Int:  8    God:
Gold:   184        SH:  4    Dex: 13    Spells: 8/8 levels left

rFire   x . .      SeeInvis .    a - +0 war axe
rCold   . . .      Faith    .    c - +0 buckler
rNeg    + . .      Spirit   +    p - +1 acid dragon scales
rPois   .          Reflect  .    (no helmet)
rElec   .          Rampage  .    (no cloak)
rCorr   +                        (no gloves)
Will    .....                    l - +0 pair of boots
Stlth   +                        t - amulet "Moic Jya" {Spirit rF- Regen+ rCorr Dex+3}
HPRegen 1.11/turn                N - ring of positive energy
MPRegen 0.11/turn                (no ring)

@: no status effects
A: no striking features
a: no special abilities


You were on level 6 of the Dungeon.
You visited 1 branch of the dungeon, and saw 6 of its levels.

You collected 307 gold pieces.
You spent 123 gold pieces at shops.


   Skills:
 - Level 3.6 Fighting
 + Level 14.5 Axes
 - Level 3.2 Armour
 - Level 3.2 Shields


You had 8 spell levels left.
You didn't know any spells.
Your spell library contained the following spells:

 Spells                   Type           Power      Damage    Failure   Level
 Ensorcelled Hibernation  Hex/Ice        0%         N/A       73%         2
 Passwall                 Tmut/Erth      0%         N/A       73%         2
 Dazzling Flash           Conj/Hex       0%         N/A       91%         3
 Swiftness                Air            0%         N/A       91%         3
 Agony                    Necr           0%         N/A       100%        5
 Silence                  Hex/Air        0%         N/A       100%        5

Inventory:

Hand Weapons
 a - a +0 war axe (weapon)
 w - a +0 battleaxe
   (You took it off a wight on level 6 of the Dungeon)
Missiles
 f - 53 stones (quivered)
 n - 13 poisoned darts
 q - 5 javelins
 v - 2 throwing nets {=f!f}
Armour
 c - a +0 buckler (worn)
 l - a +0 pair of boots (worn)
   (You found it on level 1 of the Dungeon)
 p - +1 acid dragon scales (worn)
   (You found it on level 2 of the Dungeon)
Magical Staves
 k - a staff of death {!a}
   (You took it off an orc wizard on level 4 of the Dungeon)
Jewellery
 t - the amulet "Moic Jya" (around neck) {Spirit rF- Regen+ rCorr Dex+3}
   (You bought it in a shop on level 5 of the Dungeon)

   [amulet of guardian spirit]

   It causes incoming damage to be divided between your reserves of health and
   magic.
   Dex:       It affects your dexterity (+3).
   rF:        It makes you vulnerable to fire.
   Regen:     It increases your rate of health regeneration.
   rCorr:     It protects you from acid and corrosion.
 N - a ring of positive energy (left hand)
   (You found it on level 1 of the Dungeon)
Wands
 x - a wand of iceblast (5)
   (You found it on level 6 of the Dungeon)
Scrolls
 j - 2 scrolls of blinking {!r}
 o - a scroll of teleportation {@r4}
 y - a scroll of immolation {unknown}
Potions
 b - 2 potions of flight {unknown}
 d - 2 potions of might
 e - 4 potions of curing {@q1}
 g - a potion of haste {@q3}
 h - a potion of magic {unknown}
 i - a potion of brilliance {unknown}
 m - a potion of berserk rage {!q}
 r - a potion of degeneration {unknown}
 s - a potion of cancellation
 u - a potion of mutation {unknown}

Dungeon Overview and Level Annotations

Branches:
Dungeon (6/15) Zot: 26596
 Temple: D:4-7

Altars:
Ashenzari
Elyvilon
Nemelex Xobeh
Sif Muna
Uskayaw
Yredelemnul
The Shining One

Shops:
D:5

* #........# #........
#........# #.......#
#........# ##.######
####.##### #####.# #.##
#.....# #..###
#.########## ##...# #.#
#.....#.
########.####.###.....#.
......l@................
#####.S.......###.......
....................#.
.........###.###.####.##
.........# #.....# #.#.
..$......# #####.####.#.
####...... #.....>..
#...... #.####...
##........


You could see a water moccasin and a wyvern.


Message History

😎 HP[+2]
Your hp is fully restored (64).
No target in view!
No target in view!
Items here: )) [[.
Things that are here:
a +0 battleaxe; a +0 robe
w - a +0 battleaxe You can't wield that with only one hand.
Unknown command.
You now have 126 gold pieces (gained 13).
Found a stone staircase leading up.
d - 2 potions of might (gained 1)
x - a wand of iceblast (5)
n - 13 poisoned darts (gained 6)
You now have 144 gold pieces (gained 18).
y - a scroll labelled OCKOAD BUTI
Found a stone staircase leading down.
e - 4 potions of curing {@q1} (gained 1)
You now have 156 gold pieces (gained 12).
Found a stone staircase leading down.
A black bear comes into view.
The black bear growls angrily.
A black bear is nearby!
A black bear is nearby!
A black bear is nearby!
Found 7 gold pieces.
Found a stone staircase leading down.
The black bear closely misses you. x2
The black bear claws you but does no damage.
You barely miss the black bear. The black bear barely misses you.
The black bear closely misses you. You block the black bear's attack.
You hit the black bear.
The black bear bites you but does no damage.
The black bear closely misses you.
The black bear claws you but does no damage.
You closely miss the black bear.
The black bear bites you but does no damage.
The black bear claws you but does no damage. x2
You closely miss the black bear. You slash the black bear!
The black bear goes berserk!
You hit the black bear but do no damage.
You block the black bear's attack. The black bear barely misses you.
The black bear claws you. 😕 HP[-1] MP[-1]
You take 1 damage, and now have 63/64 hp.
You lost 1 mp, and now have 7/8 mp.
You slash the black bear!
You kill the black bear!
You have reached level 9!
Your experience leads to an increase in your attributes!
Your base attributes are Str 21, Int 8, Dex 10.
Increase (S)trength, (I)ntelligence, or (D)exterity?
You feel stronger. x2 😎 HP[+7]
You now have 70 max hp (+6).
Your hp is fully restored (70).
You now have 163 gold pieces (gained 7).
There is a stone staircase leading down here.
f - 53 stones (gained 8)
You now have 172 gold pieces (gained 9).
You now have 184 gold pieces (gained 12).
A water moccasin and a wyvern come into view.
The wyvern hisses angrily. 😎 MP[+2]
Your mp is fully restored (9).
There are monsters nearby!
There are monsters nearby!
There are monsters nearby!
The water moccasin hisses angrily.
You slash the wyvern! You block the wyvern's attack.
You barely miss the wyvern. The wyvern bites you! The water moccasin bites you.
The wyvern bites you. 😮 HP[-23] MP[-2]
You take 23 damage, and now have 47/70 hp.
MASSIVE DAMAGE!! (PAUSE)
You lost 2 mp, and now have 7/9 mp.
You hit the wyvern. You hit the water moccasin. The wyvern bites you.
The water moccasin bites you but does no damage. 😮 HP[-4] MP[-1]
You take 4 damage, and now have 43/70 hp.
You lost 1 mp, and now have 6/9 mp.
Unknown command.
You closely miss the wyvern. You slash the water moccasin!
The wyvern bites you!
* * * LOW HITPOINT WARNING * * *
The water moccasin barely misses you. 😨 HP[-9] MP[-1]
You take 9 damage, and now have 34/70 hp.
You lost 1 mp, and now have 5/9 mp.
You hit the wyvern. You slash the water moccasin! The wyvern bites you!
* * * LOW HITPOINT WARNING * * *
The water moccasin bites you but does no damage. 😨 HP[-11] MP[-1]
You take 11 damage, and now have 23/70 hp.
You lost 1 mp, and now have 4/9 mp.
Unknown command.
You barely miss the water moccasin. You hit the wyvern. The wyvern bites you!
* * * LOW HITPOINT WARNING * * *
The water moccasin closely misses you. The wyvern bites you!
You die...

Skill      XL: |  1  2  3  4  5  6  7  8 |
---------------+-------------------------+-----
Axes           | 3 4 5 7 8 9 11 14 | 14.5
Fighting       | |  3.6
Armour         | |  3.2
Shields        | |  3.2

Action                     |  1- 3 |  4- 6 |  7- 9 || total
---------------------------+-------+-------+-------++-------
  Melee: War axe           |    72 |   176 |   172 ||   420
    Use: Scroll            |       |    14 |       ||    14
         Potion            |       |     1 |       ||     1
 Armour: Scale mail        |    17 |       |       ||    17
         Acid dragon scale |    14 |    67 |    63 ||   144
  Dodge: Dodged            |    27 |    91 |    74 ||   192
  Block: Buckler           |    16 |    40 |    22 ||    78

Levels and vault maps discovered:
D:1:      tarquinn_simple_flora_water_f, layout_rooms
D:2:      layout_basic, basic_altar, hangedman_feature_mirror
D:3:      layout_loops_ring, kennysheep_nub, grunt_ministairs_12
D:4:      layout_loops_corners, lemuel_zombie_altar_yredelemnul
D:5:      layout_loops_ring, serial_shops, nicolae_lakefront_shop,
          nrook_mini_backslash, glass_columns_b, grunt_ministairs_8
D:6:      minmay_diamond_boxcup, layout_basic, grunt_temple_overflow_open

Notes
Turn   | Place    | Note
-------+----------+-------------------------------------------
     0 | D:1      | kae the Hill Orc Fighter began the quest for the Orb.
     0 | D:1      | Reached XP level 1. HP: 19/19 MP: 1/1
     0 | D:1      | magus.rc [v1.11.3]
    38 | D:1      | Reached skill level 3 in Axes
    61 | D:1      | Reached XP level 2. HP: 15/26 MP: 2/2
   211 | D:1      | Reached skill level 4 in Axes
   361 | D:1      | Reached XP level 3. HP: 31/31 MP: 3/3
   699 | D:2      | Reached skill level 5 in Axes
   924 | D:2      | Found a shimmering blue altar of Sif Muna.
  1016 | D:2      | You pick up a book of Burglary and begin reading...
  1016 | D:2      | You add the spells Passwall, Ensorcelled Hibernation and
                  | Swiftness to your library.
  1176 | D:2      | You pick up a book of the Senses and begin reading...
  1176 | D:2      | You add the spells Dazzling Flash, Agony and Silence to
                  | your library.
  1258 | D:2      | Reached XP level 4. HP: 39/39 MP: 4/4
  1467 | D:2      | Reached skill level 6 in Axes
  2148 | D:3      | Noticed a scorpion
  2169 | D:3      | Killed a scorpion
  2170 | D:3      | Reached skill level 7 in Axes
  2170 | D:3      | Reached XP level 5. HP: 45/45 MP: 5/5
  2520 | D:4      | HP: 5/45 [gnoll/+0 flail (9)]
  2896 | D:4      | Found a basalt altar of Yredelemnul.
  2928 | D:4      | Reached skill level 8 in Axes
  2928 | D:4      | Reached XP level 6. HP: 51/51 MP: 6/6
  3422 | D:4      | Reached skill level 9 in Axes
  3818 | D:5      | Entered Level 5 of the Dungeon
  3833 | D:5      | Reached XP level 7. HP: 32/57 MP: 7/7
  3853 | D:4      | HP: 13/57 [something (2)]
  3855 | D:4      | Reached skill level 10 in Axes
  4420 | D:5      | Reached skill level 11 in Axes
  4614 | D:5      | Reached XP level 8. HP: 61/64 MP: 8/8
  4736 | D:5      | Reached skill level 12 in Axes
  4925 | D:5      | Found Veghajyt's Assorted Antiques.
  4935 | D:5      | Bought a brown potion for 18 gold pieces
  4935 | D:5      | Bought a warped steel amulet for 105 gold pieces
  4935 | D:5      | Identified the amulet "Moic Jya" {Spirit rF- Regen+ rCorr
                  | Dex+3} (You bought it in a shop on level 5 of the Dungeon)
  5343 | D:6      | Reached skill level 13 in Axes
  5418 | D:6      | Found a broken altar of Ashenzari.
  5420 | D:6      | Found a glowing golden altar of the Shining One.
  5420 | D:6      | Found a sparkling altar of Nemelex Xobeh.
  5433 | D:6      | Found a white marble altar of Elyvilon.
  5433 | D:6      | Found a hide-covered altar of Uskayaw.
  5449 | D:6      | Reached skill level 14 in Axes
  5680 | D:6      | Reached XP level 9. HP: 70/70 MP: 7/9
  5736 | D:6      | HP: 12/70 [wyvern (12)]
  5736 | D:6      | Slain by a wyvern

Vanquished Creatures
  A steam dragon (D:6)
  2 black bears (D:6)
  An ogre (D:5)
  A phantom (D:5)
  4 scorpions
  4 wights (D:6)
  A howler monkey (D:5)
  3 hounds
  3 jellies
  2 gnoll boudas
  3 orc priests
  2 orc wizards
  A scorpion zombie (D:4)
  18 gnolls
  6 adders
  A shadow imp (D:3)
  2 white imps (D:5)
  An ufetubus (D:4)
  An adder zombie (D:4)
  3 worms
  4 dart slugs
  7 orcs
  4 bats
  7 endoplasms
  6 giant cockroaches
  10 hobgoblins
  3 jackals (D:3)
  4 kobolds
  4 quokkas
  8 ball pythons
  3 frilled lizards (D:1)
  8 goblins
  3 rats (D:1)
131 creatures vanquished.

Table legend:
 A = Non-vault XP
 B = Vault XP
 C = Vault XP percentage of total XP
 D = Non-vault monster count
 E = Vault monster count
 F = Vault count percentage of total count
                 A         B        C        D         E       F
            +---------+---------+-------+---------+---------+-------
      Total |    2241 |     189 |   7.8 |     119 |      12 |   9.2
            +---------+---------+-------+---------+---------+-------
        D:1 |      35 |       0 |   0.0 |      23 |       0 |   0.0
        D:2 |      62 |      19 |  23.5 |      18 |       6 |  25.0
        D:3 |      47 |      84 |  64.1 |      13 |       2 |  13.3
        D:4 |     403 |      39 |   8.8 |      26 |       2 |   7.1
        D:5 |     930 |      47 |   4.8 |      31 |       2 |   6.1
        D:6 |     764 |       0 |   0.0 |       8 |       0 |   0.0
            +---------+---------+-------+---------+---------+-------

Illustrated notes

Table legend:
 A = Kills in this place as a percentage of kills in the entire game.
 B = Kills by you in this place as a percentage of kills by you in the entire game.
 C = Kills by friends in this place as a percentage of kills by friends in the entire game.
 D = Other kills in this place as a percentage of other kills in the entire game.
 E = Experience gained in this place as a percentage of experience gained in the entire game.
 F = Experience gained in this place divided by the number of levels of this place that you have seen.
                   A       B       C       D       E      F
               +-------+-------+-------+-------+-------+----------------------
         Total | 100.0 | 100.0 |   N/A |   N/A | 100.0 | 405.0
       Dungeon | 100.0 | 100.0 |   N/A |   N/A | 100.0 | 405.0
               +-------+-------+-------+-------+-------+----------------------

Table legend: (Time is in decaauts)
 A = Elapsed time spent in this place.
 B = Non-inter-level travel time spent in this place.
 C = Inter-level travel time spent in this place.
 D = Time resting spent in this place.
 E = Time spent auto-exploring this place.
 F = Levels seen in this place.
 G = Mean time per level.
                   A        B        C        D        E       F      G
               +--------+--------+--------+--------+--------+-----+--------+
         Total |   5780 |   5620 |    160 |    684 |   3886 |   6 |  963.3 |
       Dungeon |   5780 |   5620 |    160 |    684 |   3886 |   6 |  963.3 |
               +--------+--------+--------+--------+--------+-----+--------+

Top non-repeatable levels by time:
     D:4: 1651 daAuts
     D:5: 1196 daAuts
     D:2: 1011 daAuts
     D:3: 914 daAuts
     D:1: 602 daAuts
     D:6: 402 daAuts
